 Dungeon Crawl Stone Soup version 0.29-a0-322-g68df515428 (webtiles) character file.

Game seed: 3969263431126143652

2 Flugslaktarn the Stinger (level 1, 11/13 HPs)
             Began as a Human Venom Mage on Apr 6, 2022.
             Was a Follower of Fedhas.
             Quit the game on level 1 of the Dungeon.
             The game lasted 00:00:22 (71 turns).

Flugslaktarn the Stinger (Human Venom Mage)           Turns: 71, Time: 00:00:23

Health: 11/13      AC:  2    Str:  8    XL:     1   Next: 44%
Magic:  2/3        EV: 12    Int: 15    God:    Fedhas [*.....]
Gold:   0          SH:  0    Dex: 13    Spells: 3/4 levels left

rFire   . . .      SeeInvis .   (no weapon)
rCold   . . .      Faith    .   (no shield)
rNeg    . . .      Spirit   .   a - +0 robe
rPois   .          Reflect  .   (no helmet)
rElec   .          Harm     .   (no cloak)
rCorr   .          Rampage  .   (no gloves)
Will    .....                   (no boots)
Stlth   ++........              (no amulet)
HPRegen 0.04/turn               (no ring)
MPRegen 0.08/turn               (no ring)

@: no status effects
A: no striking features
a: Renounce Religion


You were on level 1 of the Dungeon.
You worshipped Fedhas.
Fedhas was aware of your devotion.
You visited 1 branch of the dungeon, and saw 2 of its levels.

Inventory:

Armour
 a - a +0 robe (worn)
Potions
 b - a potion of magic
 c - 2 potions of mutation {unknown}


   Skills:
 - Level 2.0 Dodging
 - Level 2.0 Stealth
 - Level 2.0 Spellcasting
 + Level 1.4 Transmutations
 - Level 3.0 Poison Magic


You had 3 spell levels left.
You knew the following spells:

 Your Spells              Type           Power      Damage    Failure   Level
a - Sting                 Tmut/Pois      32%        1d4       9%          1

Your spell library contained the following spells:

 Spells                   Type           Power      Damage    Failure   Level
 Poisonous Vapours        Pois/Air       12%        N/A       19%         2
 Mephitic Cloud           Conj/Pois/Air  4%         N/A       41%         3
 Olgreb's Toxic Radiance  Pois           10%        N/A       54%         4


Dungeon Overview and Level Annotations

Branches:
Dungeon (2/15)

Altars:
Fedhas

Shops:
D:1 *


Message History

Welcome, Flugslaktarn the Human Venom Mage.
The transcendent Orb of Zot lies far below, as if waiting for you to find it.
Press ? for a list of commands and other information.
Found a staircase leading out of the dungeon.
You open the door.
There is an open door here.
You open the door.
Found a robe.
There is an open door here.
You open the door.
There is an open door here.
You open the door.
There is an open door here.
Found 2 viscous orange potions.
c - 2 viscous orange potions A goblin comes into view.
It is wielding a +0 dagger.
Found Watuf's Assorted Antiques.
Casting: Sting (safe; 10% risk of failure)
Confirm with . or Enter, or press ? or * to list all spells.
Aiming: Sting (safe; 10% risk of failure)
Press: ? - help, Shift-Dir - straight line, f - goblin
Aim: a goblin, wielding a +0 dagger (asleep, 100% to hit)
The sting hits the goblin.
The goblin is poisoned.
The goblin is moderately wounded.
The goblin shouts!
Casting: Sting (safe; 10% risk of failure)
Confirm with . or Enter, or press ? or * to list all spells.
Aiming: Sting (safe; 10% risk of failure)
Press: ? - help, Shift-Dir - straight line, f/p - goblin
Aim: a goblin, wielding a +0 dagger (moderately wounded, poisoned, 60% to hit)
The sting hits the goblin.
The goblin looks even sicker.
You kill the goblin!
You see here a +0 dagger.
Found a stone staircase leading down.
There is an entrance to Watuf's Assorted Antiques here.
There is a stone staircase leading down here.
You climb downwards.
The hobgoblin shouts!
Found 17 stones.
There is a stone staircase leading up here.
Casting: Sting (safe; 10% risk of failure)
Confirm with . or Enter, or press ? or * to list all spells.
Aiming: Sting (safe; 10% risk of failure)
Press: ? - help, Shift-Dir - straight line, f - hobgoblin
Aim: a hobgoblin (68% to hit)
The sting hits the hobgoblin but does no damage.
The hobgoblin is poisoned.
The kobold throws a stone.
The stone hits you.
Casting: Sting (safe; 10% risk of failure)
Confirm with . or Enter, or press ? or * to list all spells.
Aiming: Sting (safe; 10% risk of failure)
Press: ? - help, Shift-Dir - straight line, f/p - hobgoblin
Aim: a hobgoblin (moderately wounded, poisoned, 68% to hit)
The sting hits the hobgoblin.
The hobgoblin looks even sicker.
The hobgoblin is almost dead.
You kill the hobgoblin!
There is a stone staircase leading up here.
You climb upwards.
There is a stone staircase leading down here.
Found a faded altar of an unknown god.
Found 6 gold pieces.
A frilled lizard comes into view.
The frilled lizard moves out of view.
There is a faded altar of an unknown god here.
You cannot tell which god this altar belongs to.
Convert to them anyway?
Fedhas accepts your prayer! Fedhas welcomes you!
The plants of the dungeon cease their hostilities.
Are you sure you want to abandon this character and quit the game? (Confirm with "yes".)

#..............####..#
#...............##
#.......#..#####.##
#..>#####.#.....#.## #
#.#.# ##..≈.....≈#.#..
#.#.# #.#≈.≈...≈≈.#.#
# #.##.#..≈.≈≈≈.≈..#
#.##.#...≈.≈≈≈§≈≈#..
#.## #....≈.@≈......
#.# #...≈.≈≈≈§§≈#.#
..# #..≈.≈≈≈$≈..#
#.#≈.≈...≈≈.#.#
##..≈.....≈#l##
##.#.....#.##
##.#####.## ## ##


You could see a frilled lizard (asleep).

Vanquished Creatures
  A goblin (D:1)
  A hobgoblin (D:2)
2 creatures vanquished.

Notes
Turn   | Place    | Note
-------+----------+-------------------------------------------
     0 | D:1      | Flugslaktarn the Human Venom Mage began the quest for the
                  | Orb.
     0 | D:1      | Reached XP level 1. HP: 13/13 MP: 3/3
    27 | D:1      | Found Watuf's Assorted Antiques.
    60 | D:1      | Found a faded altar of an unknown god.
    70 | D:1      | Prayed at the altar of an unknown god.
    70 | D:1      | Became a worshipper of Fedhas Madash
    70 | D:1      | Reached * piety under Fedhas
    71 | D:1      | Quit the game

Illustrated notes

Levels and vault maps discovered:
D:1:      heliophobic_arrival_glass_houses, layout_basic, serial_shops, shop,
          shapermc_ecumenical_altar_starsandcircs
D:2:      layout_loops_ring

Action                   || total
-------------------------++-------
 Cast: Sting             ||     4

Table legend: (Time is in decaauts)
 A = Elapsed time spent in this place.
 B = Non-inter-level travel time spent in this place.
 C = Inter-level travel time spent in this place.
 D = Time resting spent in this place.
 E = Time spent auto-exploring this place.
 F = Levels seen in this place.
 G = Mean time per level.
                   A        B        C        D        E       F      G
               +--------+--------+--------+--------+--------+-----+--------+
         Total |     71 |     71 |      0 |      0 |      0 |   2 |   35.5 |
       Dungeon |     71 |     71 |      0 |      0 |      0 |   2 |   35.5 |
               +--------+--------+--------+--------+--------+-----+--------+

Top non-repeatable levels by time:
     D:1: 65 daAuts
     D:2: 5 daAuts
